 Seeded DCSS version 0.32-a0-900-g30fb1b0edc (webtiles) character file.

Game seed: 202404054 (custom seed)

47 Orlauf the Poker (level 3, -2/28 HPs)
             Began as a Demonspawn Gladiator on Apr 5, 2024.
             Splashed by a jelly's acid (7 damage)
             ... on level 1 of the Dungeon.
             The game lasted 00:01:08 (635 turns).

Orlauf the Poker (Demonspawn Gladiator)              Turns: 635, Time: 00:01:09

Health: -2/28      AC:  0    Str: 16    XL:     3   Next: 48%
Magic:  3/3        EV: 11    Int:  8    God:
Gold:   29         SH:  4    Dex: 14    Spells: 2/2 levels left

rFire   . . .        a - +0 trident
rCold   . . .        (no shield)
rNeg    . . .        b - +0 leather armour
rPois   .            c - +0 helmet
rElec   .            (no cloak)
rCorr   .            (no gloves)
SInv    .            (no boots)
Will    .....        (no amulet)
Stlth   +            (no ring)
HPRegen 0.24/turn    (no ring)
MPRegen 0.08/turn

%: no passive effects
@: brilliant, corroded
A: icemail 1, condensation shield
a: no special abilities


You were on level 1 of the Dungeon.
You visited 1 branch of the dungeon, and saw 1 of its levels.

You collected 29 gold pieces.

Inventory:

Hand Weapons
 a - a +0 trident (weapon)
Missiles
 d - 3 throwing nets (quivered)
 e - a javelin
Armour
 b - a +0 leather armour (worn)
 c - a +0 helmet (worn)
Potions
 g - a potion of ambrosia {unknown}
 i - a potion of heal wounds {unknown}
 j - a potion of lignification {unknown}
 k - a potion of enlightenment {unknown}


   Skills:
 + Level 2.7 Fighting
 * Level 3.7 Polearms
 - Level 1.7 Throwing
 - Level 2.6 Dodging


You had 2 spell levels left.
You didn't know any spells.
Your spell library was empty.

Dungeon Overview and Level Annotations

Branches:
Dungeon (1/15)

Altars:


Innate Abilities, Weirdness & Mutations

A meltable icy envelope protects you from harm. (AC +4)
A meltable shield of frost defends you. (SH +4)


Message History

You block the ribbon worm's attack.
The ribbon worm expels a string of sticky webbing.
The stream of webbing hits you but does no damage.
You are caught in a web!
You are caught in a web!
You are caught in a web!
You are caught in a web!
You are caught in a web!
You are caught in a web!
You are caught in a web!
You are caught in a web!
You are caught in a web!
You are caught in a web!
You are caught in a web!
You are caught in a web!
The web tears apart.
The ribbon worm bites you.
The jackal pauses to sniff the ground.
There is a fountain of clear blue water here.
The ribbon worm expels a string of sticky webbing.
The stream of webbing hits you but does no damage.
You are caught in a web!
There is an open door here.
Things that are here:
a rat corpse; a giant cockroach corpse You reach to attack!
You hit the jelly.
The jelly is moderately wounded.
You hit the jelly but do no damage. The acid corrodes you!
Your hands burn!
The jelly is moderately wounded.
The jelly hits you.
You are splashed with acid.
You are too injured to fight recklessly!
You puncture the jelly!
Your hands burn!
* * * LOW HITPOINT WARNING * * *
The jelly is severely wounded.
The jelly hits you but does no damage.
It was a potion of brilliance.
You feel clever all of a sudden. The jelly hits you.
* * * LOW HITPOINT WARNING * * *
The acid corrodes you!
You are splashed with acid!
You die...

#..#.............#.....##÷###
#..#......J......#..........#
#..#######w#######..###......
#..#......w.h....#..###......
#..+⌠....###....⌠'..........#
#..#......<.r....#..........#
#..#..⌠...>...⌠..#..###.÷...#
#..###'#######h###..# #.....#
#...........@Jw...[.# #######
#.....########......# #######
########


You could see a ribbon worm, a jelly and a jackal.

Vanquished Creatures
  A dart slug (D:1)
  A ribbon worm (D:1)
  3 ball pythons (D:1)
  2 bats (D:1)
  8 endoplasms (D:1)
  3 giant cockroaches (D:1)
  A goblin (D:1)
  3 hobgoblins (D:1)
  5 jackals (D:1)
  2 quokkas (D:1)
  4 kobolds (D:1)
  2 rats (D:1)
35 creatures vanquished.

Notes
Turn   | Place    | Note
-------+----------+-------------------------------------------
     0 | D:1      | Orlauf the Demonspawn Gladiator began the quest for the
                  | Orb.
     0 | D:1      | Reached XP level 1. HP: 16/16 MP: 1/1
     1 | D:1      | Found a runed translucent door.
     2 | D:1      | Noticed a jelly
    41 | D:1      | Reached skill level 3 in Polearms
    78 | D:1      | Found a faded altar of an unknown god.
    86 | D:1      | Gained mutation: A meltable shield of frost defends you.
                  | (SH +4) [demonic ancestry]
    86 | D:1      | Reached XP level 2. HP: 22/22 MP: 2/2
   313 | D:1      | Gained mutation: A meltable icy envelope protects you from
                  | harm. (AC +4) [demonic ancestry]
   313 | D:1      | Reached XP level 3. HP: 28/28 MP: 3/3
   635 | D:1      | Splashed by a jelly's acid

Illustrated notes

Levels and vault maps discovered:
D:1:      dpeg_arrival_caged_fury, layout_rooms,
          chequers_ecumenical_altar_simple,
          nicolae_concentric_dashed_squares_wild

Skill      XL: |  1 |
---------------+----+-----
Polearms       | 3 |  3.7
Fighting       | |  2.7
Throwing       | |  1.7
Dodging        | |  2.6

Action                     || total
---------------------------++-------
  Melee: Trident           ||   124
    Use: Scroll            ||     1
         Potion            ||     1
 Armour: Leather armour    ||    75
  Dodge: Dodged            ||    70
  Block: Other             ||    20

Table legend: (Time is in decaauts)
 A = Elapsed time spent in this place.
 B = Non-inter-level travel time spent in this place.
 C = Inter-level travel time spent in this place.
 D = Time resting spent in this place.
 E = Time spent auto-exploring this place.
 F = Levels seen in this place.
 G = Mean time per level.
                   A        B        C        D        E       F      G
               +--------+--------+--------+--------+--------+-----+--------+
         Total |    652 |    652 |      0 |      2 |    425 |   1 |  652.0 |
       Dungeon |    652 |    652 |      0 |      2 |    425 |   1 |  652.0 |
               +--------+--------+--------+--------+--------+-----+--------+

Top non-repeatable levels by time:
     D:1: 652 daAuts
